 Dungeon Crawl Stone Soup version 0.25-a0-292-gaa31f046c4 (webtiles) character file.

Game seed: 11127850136478508920, levelgen mode: classic

1612 Borgoz the Cutter (level 9, 0/62 HPs)
             Began as a Halfling Fighter on Dec 15, 2019.
             Was a Priest of Okawaru.
             Slain by an ogre
             ... wielding a +0 giant club
              (23 damage)
             ... on level 6 of the Dungeon.
             The game lasted 00:08:28 (5374 turns).

Borgoz the Cutter (Halfling Fighter)                Turns: 5374, Time: 00:08:28

Health: 0/62       AC:  5    Str: 19    XL:     9   Next: 16%
Magic:  9/9        EV: 14    Int:  7    God:    Okawaru [***...]
Gold:   221        SH: 10    Dex: 14    Spells: 8/8 levels left

rFire    . . .     SeeInvis .   a - +0 rapier
rCold    . . .     Gourm    .   c - +0 shield
rNeg     . . .     Faith    +   n - +0 leather armour {rPois}
rPois    +         Spirit   .   (no helmet)
rElec    .         Reflect  .   y - +0 cloak
rCorr    .         Harm     .   (no gloves)
MR       .....                  (no boots)
Stlth    +.........             w - amulet of faith
HPRegen  0.20/turn              (no ring)
MPRegen  0.11/turn              (no ring)

@: no status effects
A: small, mutation resistance 1
a: Heroism, Renounce Religion


You were on level 6 of the Dungeon.
You worshipped Okawaru.
Okawaru was most pleased with you.
You were not hungry.

You visited 2 branches of the dungeon, and saw 7 of its levels.

You collected 221 gold pieces.

Inventory:

Hand Weapons
 a - a +0 rapier (weapon)
Armour
 c - a +0 shield (worn)
 n - a +0 leather armour of poison resistance (worn)
 y - a +0 cloak (worn)
Jewellery
 m - an uncursed ring of fire
 p - a +3 amulet of reflection
 r - an uncursed ring of ice
 w - an amulet of faith (around neck)
 z - an uncursed ring of flight {unknown}
Wands
 u - a wand of random effects (11)
Scrolls
 b - a scroll of amnesia {unknown}
 e - a scroll of magic mapping {unknown}
 g - 3 scrolls of remove curse {unknown}
 h - a scroll of immolation {unknown}
 i - 6 scrolls of identify {unknown}
 k - 2 scrolls of fear {unknown}
 l - a scroll of fog {unknown}
 x - a scroll of teleportation {unknown}
Potions
 d - 3 potions of might
 j - a potion of lignification {unknown}
 o - a potion of brilliance {unknown}
 q - a potion of mutation {unknown}
 s - 4 potions of curing
 t - a potion of haste
 v - a potion of heal wounds
Comestibles
 f - 8 rations


   Skills:
 * Level 5.7 Fighting
 * Level 6.9 Short Blades
 * Level 6.9 Armour
 + Level 3.9 Dodging
 + Level 5.2 Shields


You had 8 spell levels left.
You didn't know any spells.
Your spell library was empty.

Dungeon Overview and Level Annotations

Branches:
Dungeon (6/15)             Temple (1/1) D:4

Altars:
Ashenzari
Cheibriados
Dithmenos
Elyvilon
Fedhas
Gozag
Makhleb
Nemelex Xobeh
Okawaru
Trog
Vehumet
Yredelemnul
Zin


Innate Abilities, Weirdness & Mutations

You are small and have problems with some larger weapons.
You are somewhat resistant to further mutation.


Message History

You are too injured to fight recklessly!
You are too injured to fight recklessly!
You hit the ogre but do no damage.
The ogre is lightly wounded.
A leopard gecko zombie comes into view.
You hit the ogre.
The ogre is moderately wounded.
You block the ogre's attack.
You barely miss the ogre.
The ogre is moderately wounded.
The ogre completely misses you.
Your shield and leather armour prevent you from hitting the ogre.
The ogre is moderately wounded.
The ogre hits you with a +0 giant club.
You hit the ogre but do no damage.
The ogre is moderately wounded.
You puncture the ogre!
The ogre is heavily wounded.
The ogre hits you with a +0 giant club!!
You die...

####### .>...
#.#####.#######.#
#..ZO@..........#
#######.#<).....#
#.#######.# #..
####


You could see an ogre and a leopard gecko zombie.

Vanquished Creatures
  Pikel (D:4)
  Edmund (D:4)
  4 slaves (D:4)
  An ice beast (D:5)
  A sky beast (D:5)
  2 ogres
  A bullfrog (D:5)
  A bullfrog zombie (D:5)
  2 centaur skeletons
  A bullfrog skeleton (D:4)
  An orc priest (D:5)
  2 hounds (D:5)
  3 orc wizards
  Ijyb (D:4)
  Natasha (twice) (D:2)
  3 worker ants
  4 adders
  An adder skeleton (D:4)
  2 worms
  A dart slug (D:1)
  8 leopard geckos
  21 orcs
  5 bats
  6 giant cockroaches
  14 goblins
  4 hobgoblins
  7 jackals (D:4)
  A quokka (D:3)
  8 frilled lizards
  12 kobolds
  11 rats
132 creatures vanquished.

Vanquished Creatures (others)
  3 goblins (D:4)
3 creatures vanquished.

Grand Total: 135 creatures vanquished

Notes
Turn   | Place    | Note
-------+----------+-------------------------------------------
     0 | D:1      | Borgoz the Halfling Fighter began the quest for the Orb.
     0 | D:1      | Reached XP level 1. HP: 15/15 MP: 1/1
   202 | D:1      | Reached XP level 2. HP: 19/20 MP: 2/2
   540 | D:1      | Reached XP level 3. HP: 25/25 MP: 3/3
   778 | D:1      | You fall into a shaft and drop 1 floor!
   785 | D:2      | Noticed Natasha
   786 | D:2      | Found a radiant altar of Vehumet.
   794 | D:2      | Killed Natasha
   794 | D:2      | Reached skill level 1 in Dodging
   794 | D:2      | Reached XP level 4. HP: 18/31 MP: 4/4
  1025 | D:2      | Noticed Natasha
  1045 | D:2      | Killed Natasha
  1343 | D:2      | Reached XP level 5. HP: 36/36 MP: 5/5
  2122 | D:3      | Found a faded altar of an unknown god.
  2536 | D:4      | Noticed an ogre
  2549 | D:4      | Killed an ogre
  2549 | D:4      | Reached XP level 6. HP: 16/43 MP: 6/6
  2903 | D:4      | Noticed Ijyb
  2935 | D:4      | Killed Ijyb
  3338 | D:4      | Reached skill level 5 in Armour
  3338 | D:4      | Reached XP level 7. HP: 45/48 MP: 7/7
  3520 | D:4      | Found a staircase to the Ecumenical Temple.
  3528 | Temple   | Entered the Ecumenical Temple
  3544 | Temple   | Became a worshipper of Warmaster Okawaru
  3577 | D:4      | Noticed Pikel
  3629 | D:4      | Killed Pikel
  3629 | D:4      | Reached * piety under Okawaru
  3629 | D:4      | Reached ** piety under Okawaru
  3629 | D:4      | Reached skill level 5 in Short Blades
  3629 | D:4      | Reached XP level 8. HP: 11/54 MP: 8/8
  3911 | D:4      | Noticed Edmund
  3962 | D:4      | Killed Edmund
  3962 | D:4      | Reached skill level 5 in Fighting
  4128 | D:5      | Entered Level 5 of the Dungeon
  4524 | D:5      | Reached skill level 5 in Shields
  4640 | D:5      | Reached *** piety under Okawaru
  4836 | D:5      | Reached XP level 9. HP: 56/61 MP: 9/9
  5374 | D:6      | Slain by an ogre

Levels and vault maps discovered:
D:1:      eino_arrival_water_star, layout_basic, minmay_misc_feat_five,
          minivault_19
D:2:      layout_loops_ring, old_standard_altar, uniq_natasha
D:3:      layout_basic, chequers_ecumenical_altar_simple_redux
D:4:      kennysheep_goblin_castle, layout_basic, minmay_temple_entry_grid,
          first_ration, uniq_pikel, uniq_edmund
D:5:      layout_loops_cross
D:6:      layout_basic, overflow_temple_1_default, serial_curves,
          eino_curves_03, eino_curves_04
Temple:   nicolae_temple_no_exploring_needed

Skill      XL: |  1  2  3  4  5  6  7  8 |
---------------+-------------------------+-----
Fighting       | 3 4 5 |  5.7
Short Blades   | 3 4 5 6 |  6.9
Dodging        | 1 2 3 |  3.9
Armour         | 4 5 6 |  6.9
Shields        | 4 5 |  5.2

Action                   |  1- 3 |  4- 6 |  7- 9 || total
-------------------------+-------+-------+-------++-------
Melee: Rapier            |    79 |   302 |   258 ||   639
  Use: Potion            |       |       |     4 ||     4
 Stab: Sleeping          |       |       |     1 ||     1
  Eat: Chunk             |       |     8 |     7 ||    15
Armor: Scale mail        |    23 |    88 |    24 ||   135
       Leather armour    |       |       |    27 ||    27
Dodge: Dodged            |    28 |   110 |    95 ||   233
Block: Shield            |    38 |   183 |   118 ||   339
       Reflection        |       |    19 |       ||    19

Table legend:
 A = Non-vault XP
 B = Vault XP
 C = Vault XP percentage of total XP
 D = Non-vault monster count
 E = Vault monster count
 F = Vault count percentage of total count
                 A         B        C        D         E       F
            +---------+---------+-------+---------+---------+-------
      Total |    1351 |     953 |  41.4 |     116 |      14 |  10.8
            +---------+---------+-------+---------+---------+-------
        D:1 |      42 |       0 |   0.0 |      23 |       0 |   0.0
        D:2 |      64 |      35 |  35.4 |      19 |       1 |   5.0
        D:3 |      74 |       0 |   0.0 |      29 |       0 |   0.0
        D:4 |     323 |     918 |  74.0 |      20 |      13 |  39.4
        D:5 |     730 |       0 |   0.0 |      24 |       0 |   0.0
        D:6 |     118 |       0 |   0.0 |       1 |       0 |   0.0
            +---------+---------+-------+---------+---------+-------
